[ AOE2 MATCH · #504959232 ]
UnrankedChinese vs Koreans
Player's team · WIN
Rival team · LOSS
[ REPLAY ANALYSIS · EXTRACTED FROM THE RECORDED GAME ]
Feudal
11:15
Castle
15:24
Imperial
23:01
| APM avg | 46.2 |
| APM peak | 78 |
| eAPM avg | 24.1 |
| Villagers / military | 127 / 117 |
Focus
⚔️ 26.4% · 🌾 73.6%
Archer ×84 · Scout Cavalry ×16 · Knight ×6 · Cavalry Archer ×5 · Trebuchet (Packed) ×4 · Monk ×1
Feudal
11:37
Castle
14:58
Imperial
24:37
| APM avg | 46.3 |
| APM peak | 93 |
| eAPM avg | 24.2 |
| Villagers / military | 106 / 55 |
Focus
⚔️ 30.6% · 🌾 69.4%
War Wagon ×53 · Trebuchet (Packed) ×2
Match map
Initial resources + every placement click. Lines = walls · curves = elevation contours. ◆ gold · ⬟ stone · ● berries · ✦ relic · ◌ wall gap
Your base· Open — opponent sealed themselves in
TomAquinas's base· ✓ Closed at 14:58 · 32t walls · no gate
Smoothed initial terrain · ◌ = detected wall gap · hover for details
Inputs per minute
— Table_Rase - - TomAquinas
Build order — Table_Rase
First 150 of 299 actions detected
| 0:02 | Build | House |
| 0:03 | Build | House |
| 1:01 | Queue | Villager (Male) |
| 1:02 | Queue | Villager (Male) |
| 1:20 | Queue | Villager (Male) |
| 1:37 | Queue | Villager (Male) |
| 1:50 | Queue | Villager (Male) |
| 2:04 | Queue | Villager (Male) |
| 2:14 | Queue | Villager (Male) |
| 2:25 | Queue | Villager (Male) |
| 2:30 | Queue | Villager (Male) |
| 2:30 | Queue | Villager (Male) |
| 2:49 | Queue | Villager (Male) |
| 3:00 | Queue | Villager (Male) |
| 3:00 | Queue | Villager (Male) |
| 3:09 | Queue | Villager (Male) |
| 3:27 | Queue | Villager (Male) |
| 3:37 | Build | Lumber Camp |
| 3:40 | Queue | Villager (Male) |
| 3:44 | Queue | Villager (Male) |
| 4:02 | Queue | Villager (Male) |
| 4:02 | Queue | Villager (Male) |
| 4:02 | Queue | Villager (Male) |
| 4:10 | Queue | Villager (Male) |
| 4:10 | Queue | Villager (Male) |
| 4:17 | Queue | Villager (Male) |
| 4:33 | Queue | Villager (Male) |
| 4:39 | Queue | Villager (Male) |
| 4:45 | Queue | Villager (Male) |
| 4:45 | Queue | Villager (Male) |
| 5:02 | Queue | Villager (Male) |
| 5:24 | Queue | Villager (Male) |
| 5:25 | Queue | Villager (Male) |
| 5:25 | Queue | Villager (Male) |
| 5:25 | Queue | Villager (Male) |
| 5:25 | Queue | Villager (Male) |
| 5:26 | Queue | Villager (Male) |
| 5:34 | Queue | Villager (Male) |
| 5:36 | Queue | Villager (Male) |
| 5:40 | Queue | Villager (Male) |
| 5:40 | Queue | Villager (Male) |
| 5:53 | Queue | Villager (Male) |
| 5:53 | Queue | Villager (Male) |
| 5:59 | Queue | Villager (Male) |
| 6:01 | Queue | Villager (Male) |
| 6:10 | Research | Loom |
| 6:31 | Queue | Villager (Male) |
| 6:35 | Queue | Villager (Male) |
| 6:43 | Build | Barracks |
| 6:57 | Queue | Villager (Male) |
| 7:02 | Queue | Villager (Male) |
| 7:08 | Queue | Villager (Male) |
| 7:26 | Queue | Villager (Male) |
| 7:26 | Queue | Villager (Male) |
| 7:29 | Build | House |
| 8:07 | Queue | Villager (Male) |
| 8:08 | Queue | Villager (Male) |
| 8:13 | Build | House |
| 8:18 | Queue | Villager (Male) |
| 8:19 | Queue | Villager (Male) |
| 8:22 | Build | House |
| 8:32 | Queue | Villager (Male) |
| 8:53 | Queue | Villager (Male) |
| 9:03 | Build | Mining Camp |
| 9:05 | Research | Feudal Age |
| 9:09 | Queue | Villager (Male) |
| 9:10 | Queue | Villager (Male) |
| 9:10 | Queue | Villager (Male) |
| 9:10 | Queue | Villager (Male) |
| 9:10 | Queue | Villager (Male) |
| 9:12 | Build | House |
| 9:28 | Queue | Villager (Male) |
| 9:30 | Queue | Villager (Male) |
| 9:30 | Queue | Villager (Male) |
| 9:32 | Build | House |
| 10:04 | Queue | Villager (Male) |
| 10:11 | Build | Mill |
| 10:20 | Queue | Villager (Male) |
| 10:35 | Queue | Villager (Male) |
| 10:37 | Build | House |
| 11:01 | Queue | Villager (Male) |
| 11:01 | Queue | Villager (Male) |
| 11:07 | Queue | Villager (Male) |
| 11:07 | Queue | Villager (Male) |
| 11:15 | Age | Feudal Age |
| 11:17 | Build | Archery Range |
| 11:22 | Research | Double-Bit Axe |
| 11:27 | Build | Market |
| 11:28 | Queue | Villager (Male) |
| 11:30 | Queue | Villager (Male) |
| 11:32 | Queue | Villager (Male) |
| 11:42 | Build | Mill |
| 12:12 | Build | Mining Camp |
| 12:16 | Research | Wheelbarrow |
| 12:24 | Build | Blacksmith |
| 12:39 | Build | Mining Camp |
| 12:44 | Research | Castle Age |
| 12:51 | Queue | Villager (Male) |
| 13:03 | Research | Padded Archer Armor |
| 13:03 | Research | Fletching |
| 13:12 | Build | Lumber Camp |
| 13:14 | Queue | Villager (Male) |
| 13:21 | Queue | Villager (Male) |
| 13:24 | Queue | Villager (Male) |
| 13:32 | Build | Archery Range |
| 13:45 | Queue | Archer |
| 13:46 | Queue | Archer |
| 13:55 | Queue | Villager (Male) |
| 14:09 | Build | House |
| 14:10 | Build | House |
| 14:11 | Build | House |
| 14:12 | Build | House |
| 14:29 | Queue | Villager (Male) |
| 14:31 | Queue | Archer |
| 14:34 | Queue | Archer |
| 14:34 | Queue | Archer |
| 14:37 | Research | Scale Barding Armor |
| 14:45 | Build | Archery Range |
| 14:50 | Build | Mining Camp |
| 14:55 | Queue | Villager (Male) |
| 14:55 | Queue | Villager (Male) |
| 14:59 | Queue | Villager (Male) |
| 15:08 | Build | House |
| 15:23 | Queue | Archer |
| 15:24 | Age | Castle Age |
| 15:25 | Queue | Skirmisher |
| 15:29 | Research | Thumb Ring |
| 15:30 | Research | Crossbowman (upgrade) |
| 15:31 | Queue | Archer |
| 15:33 | Queue | Villager (Male) |
| 15:33 | Queue | Villager (Male) |
| 15:35 | Research | Bodkin Arrow |
| 15:36 | Research | Leather Archer Armor |
| 15:48 | Queue | Archer |
| 16:00 | Queue | Villager (Male) |
| 16:00 | Queue | Villager (Male) |
| 16:19 | Queue | Villager (Male) |
| 16:19 | Queue | Villager (Male) |
| 16:19 | Queue | Villager (Male) |
| 16:21 | Build | House |
| 16:22 | Build | House |
| 16:24 | Queue | Cavalry Archer ×5 |
| 16:25 | Queue | Archer ×5 |
| 16:25 | Queue | Archer ×5 |
| 16:41 | Build | Castle |
| 16:54 | Queue | Villager (Male) |
| 17:04 | Build | Mill |
| 17:07 | Queue | Archer ×5 |
| 17:07 | Queue | Archer ×5 |
| 17:07 | Queue | Archer ×4 |
Build order — TomAquinas
First 150 of 255 actions detected
| 0:02 | Queue | Villager (Male) ×4 |
| 0:02 | Queue | Villager (Male) ×4 |
| 0:03 | Build | House |
| 0:05 | Build | House |
| 0:26 | Queue | Villager (Male) |
| 0:26 | Queue | Villager (Male) |
| 0:26 | Queue | Villager (Male) |
| 0:27 | Research | Loom |
| 1:11 | Queue | Villager (Male) |
| 1:38 | Queue | Villager (Male) |
| 2:13 | Build | House |
| 2:26 | Queue | Villager (Male) |
| 2:28 | Queue | Villager (Male) |
| 2:28 | Queue | Villager (Male) |
| 2:35 | Build | House |
| 2:55 | Queue | Villager (Male) |
| 2:55 | Queue | Villager (Male) |
| 3:07 | Queue | Villager (Male) |
| 3:31 | Build | Lumber Camp |
| 3:34 | Queue | Villager (Male) |
| 3:34 | Queue | Villager (Male) |
| 3:37 | Queue | Villager (Male) |
| 3:39 | Queue | Villager (Male) |
| 3:40 | Queue | Villager (Male) |
| 3:46 | Build | House |
| 3:52 | Queue | Villager (Male) |
| 3:53 | Queue | Villager (Male) |
| 4:17 | Queue | Villager (Male) |
| 4:30 | Queue | Villager (Male) |
| 4:30 | Queue | Villager (Male) |
| 4:34 | Queue | Villager (Male) |
| 4:42 | Build | House |
| 4:51 | Queue | Villager (Male) |
| 4:51 | Queue | Villager (Male) |
| 5:14 | Build | House |
| 5:36 | Queue | Villager (Male) |
| 5:42 | Build | House |
| 6:02 | Queue | Villager (Male) |
| 6:02 | Queue | Villager (Male) |
| 6:02 | Queue | Villager (Male) |
| 6:03 | Queue | Villager (Male) |
| 6:31 | Queue | Villager (Male) |
| 6:39 | Queue | Villager (Male) |
| 6:45 | Queue | Villager (Male) |
| 7:02 | Queue | Villager (Male) |
| 7:04 | Queue | Villager (Male) |
| 7:05 | Queue | Villager (Male) |
| 7:14 | Build | Mill |
| 7:16 | Queue | Villager (Male) |
| 7:28 | Build | House |
| 7:29 | Build | Palisade Wall |
| 7:44 | Queue | Villager (Male) |
| 7:52 | Queue | Villager (Male) |
| 7:54 | Build | House |
| 7:59 | Queue | Villager (Male) |
| 8:00 | Queue | Villager (Male) |
| 8:06 | Queue | Villager (Male) |
| 8:10 | Build | House |
| 8:12 | Build | House |
| 8:26 | Build | Palisade Wall |
| 8:36 | Queue | Villager (Male) |
| 8:40 | Build | Farm |
| 8:46 | Queue | Villager (Male) |
| 8:46 | Queue | Villager (Male) |
| 8:47 | Queue | Villager (Male) |
| 8:47 | Queue | Villager (Male) |
| 8:52 | Build | House |
| 8:54 | Research | Feudal Age |
| 9:32 | Queue | Villager (Male) |
| 9:32 | Queue | Villager (Male) |
| 9:34 | Queue | Villager (Male) |
| 9:39 | Build | Mining Camp |
| 10:08 | Queue | Villager (Male) |
| 10:17 | Queue | Villager (Male) |
| 10:18 | Queue | Villager (Male) |
| 10:18 | Queue | Villager (Male) |
| 10:23 | Build | House |
| 10:32 | Build | House |
| 10:33 | Build | Palisade Wall |
| 10:42 | Build | House |
| 10:43 | Build | Palisade Wall |
| 10:51 | Queue | Villager (Male) |
| 10:52 | Queue | Villager (Male) |
| 11:37 | Age | Feudal Age |
| 11:38 | Build | Market |
| 11:40 | Build | Blacksmith |
| 11:44 | Queue | Villager (Male) |
| 11:44 | Queue | Villager (Male) |
| 11:44 | Queue | Villager (Male) |
| 11:48 | Build | Mining Camp |
| 12:00 | Build | House |
| 12:01 | Build | Palisade Wall |
| 12:06 | Build | House |
| 12:08 | Queue | Villager (Male) |
| 12:14 | Research | Castle Age |
| 12:22 | Build | House |
| 12:33 | Research | Town Watch |
| 12:42 | Research | Double-Bit Axe |
| 12:47 | Build | Farm |
| 12:56 | Research | Stone Mining |
| 13:06 | Build | Lumber Camp |
| 13:10 | Build | House |
| 13:11 | Build | Palisade Wall |
| 13:24 | Build | House |
| 13:25 | Build | Palisade Wall |
| 13:35 | Research | Gold Mining |
| 13:38 | Research | Fletching |
| 13:47 | Build | House |
| 13:50 | Build | House |
| 14:13 | Build | House |
| 14:16 | Build | Palisade Wall |
| 14:34 | Queue | Villager (Male) |
| 14:35 | Queue | Villager (Male) |
| 14:35 | Queue | Villager (Male) |
| 14:46 | Build | Mill |
| 14:53 | Queue | Villager (Male) |
| 14:58 | Age | Castle Age |
| 14:58 | Research | Bodkin Arrow |
| 15:05 | Build | Castle |
| 15:11 | Build | Farm |
| 15:12 | Build | Farm |
| 15:16 | Build | Mill |
| 15:18 | Build | Lumber Camp |
| 15:41 | Build | Farm |
| 15:42 | Build | Farm |
| 15:47 | Build | Mining Camp |
| 15:51 | Build | Mining Camp |
| 15:56 | Build | Palisade Wall |
| 15:59 | Research | Stone Shaft Mining |
| 16:14 | Queue | Villager (Male) |
| 16:14 | Queue | Villager (Male) |
| 16:15 | Queue | War Wagon |
| 16:15 | Queue | War Wagon |
| 16:16 | Queue | War Wagon |
| 16:16 | Queue | War Wagon |
| 16:24 | Build | Farm |
| 16:25 | Build | Farm |
| 16:27 | Queue | Villager (Male) |
| 16:34 | Build | Farm |
| 16:35 | Build | Farm |
| 16:52 | Build | Mining Camp |
| 16:53 | Queue | Villager (Male) |
| 16:54 | Queue | Villager (Male) |
| 17:10 | Research | Bow Saw |
| 17:12 | Queue | Villager (Male) |
| 17:17 | Queue | Villager (Male) |
| 17:18 | Queue | War Wagon |
| 17:29 | Build | University |
| 17:35 | Queue | Villager (Male) |
| 17:35 | Queue | Villager (Male) |
Match timeline
| 6:43 | Table_Rase · first_building Barracks |
| 7:29 | TomAquinas · wall_segment Palisade Wall x6 |
| 8:26 | TomAquinas · wall_segment Palisade Wall x1 |
| 10:33 | TomAquinas · wall_segment Palisade Wall x1 |
| 10:43 | TomAquinas · wall_segment Palisade Wall x4 |
| 11:15 | Table_Rase · age_up feudal |
| 11:17 | Table_Rase · first_building Archery Range |
| 11:37 | TomAquinas · age_up feudal |
| 12:01 | TomAquinas · wall_segment Palisade Wall x5 |
| 13:02 | TomAquinas · first_market_buy 100 wood |
| 13:11 | TomAquinas · wall_segment Palisade Wall x5 |
| 13:25 | TomAquinas · wall_segment Palisade Wall x5 |
| 13:40 | Table_Rase · first_market_buy 100 wood |
| 14:16 | TomAquinas · wall_segment Palisade Wall x5 |
| 14:58 | TomAquinas · age_up castle |
| 15:05 | TomAquinas · first_building Castle |
| 15:24 | Table_Rase · age_up castle |
| 15:56 | TomAquinas · wall_segment Palisade Wall x1 |
| 16:41 | Table_Rase · first_building Castle |
| 18:09 | Table_Rase · first_building Monastery |
| 18:50 | Table_Rase · first_building Stable |
| 19:20 | Table_Rase · first_market_sell 100 stone |
| 21:07 | TomAquinas · first_market_sell 100 wood |
| 22:35 | Table_Rase · wall_segment Palisade Wall x7 |
| 23:01 | Table_Rase · age_up imperial |
| 23:06 | TomAquinas · first_building Siege Workshop |
| 24:37 | TomAquinas · age_up imperial |
| 25:20 | TomAquinas · first_building Barracks |
| 26:04 | TomAquinas · first_building Archery Range |
| 26:39 | Table_Rase · first_building Siege Workshop |
| 27:27 | TomAquinas · resign |
[ AI ANALYSIS · 1 CREDIT ]
What really happened in this match?
Wolo.gg analyzes every decision: build order, eco, micro, common mistakes by bracket. Personalized analysis on WhatsApp or Discord in 30 seconds.
Civ guide
Chinese
Perfil
Jugador #20909915